 Dungeon Crawl Stone Soup version 0.30-a0-341-g682706514a (webtiles) character file.

Game seed: 9143916189651073319

73 koil the Ruffian (level 4, -5/36 HPs)
             Began as a Draconian Transmuter on Nov 4, 2022.
             Slain by a gnoll
             ... wielding a +0 flail
              (9 damage)
             ... on level 2 of the Dungeon.
             The game lasted 00:03:10 (1056 turns).

koil the Ruffian (Draconian Transmuter)             Turns: 1056, Time: 00:03:10

Health: -5/36      AC:  5    Str: 14    XL:     4   Next: 8%
Magic:  7/7        EV: 12    Int: 14    God:
Gold:   90         SH:  0    Dex: 11    Spells: 1/7 levels left

rFire   . . .      SeeInvis .      - Unarmed
rCold   . . .      Faith    .    (no shield)
rNeg    . . .      Spirit   .    (body armour unavailable)
rPois   .          Reflect  .    (helmet restricted)
rElec   .          Harm     .    (no cloak)
rCorr   .          Rampage  .    (no gloves)
Will    .....                    (no boots)
Stlth   +.........               (no amulet)
HPRegen 0.26/turn                (no ring)
MPRegen 0.10/turn                (no ring)

@: no status effects
A: AC +5, unfitting armour, cold-blooded
a: no special abilities


You were on level 2 of the Dungeon.
You visited 1 branch of the dungeon, and saw 2 of its levels.

You collected 90 gold pieces.

Inventory:

Hand Weapons
 k - the +10 whip of Xeezuost {freeze, Dex+4}
   (You found it on level 2 of the Dungeon)

   It freezes those it strikes, dealing additional cold damage.
   It can also slow down cold-blooded creatures.
   Dex:       It affects your dexterity (+4).
Magical Staves
 f - a staff of poison
 j - a staff of conjuration
Scrolls
 b - 2 scrolls of identify {unknown}
 e - a scroll of teleportation {unknown}
 i - a scroll of enchant armour {unknown}
Potions
 a - a potion of lignification
 c - a potion of might {unknown}
 d - 2 potions of curing {unknown}
 g - a potion of haste {unknown}
 h - a potion of degeneration {unknown}


   Skills:
 + Level 2.1 Fighting
 + Level 2.3 Dodging
 + Level 3.5 Unarmed Combat
 + Level 2.4 Spellcasting
 + Level 2.6 Transmutations


You had one spell level left.
You knew the following spells:

 Your Spells              Type           Power      Damage    Failure   Level
a - Beastly Appendage     Tmut           18%        N/A       8%          1
b - Wereblood             Tmut           9%         N/A       12%         2
c - Spider Form           Tmut/Pois      5%         N/A       36%         3

Your spell library contained the following spells:

 Spells                   Type           Power      Damage    Failure   Level
 Ice Form                 Ice/Tmut       5%         N/A       78%         4


Dungeon Overview and Level Annotations

Branches:
Dungeon (2/15)

Altars:
Yredelemnul


Innate Abilities, Weirdness & Mutations

Your plain brown scales are hard. (AC +5)
You cannot fit into any form of body armour.
You are cold-blooded and may be slowed by cold attacks.


Message History

The gnoll hits you with a +0 whip.
You are too injured to fight recklessly!
You hit the gnoll. You claw the gnoll.
The gnoll is severely wounded.
The gnoll hits you with a +0 whip.
You hit the gnoll.
You kill the gnoll!
The gnoll closely misses you.
Your Fighting skill increases to level 2!
The gnoll hits you with a +0 spear.
You barely miss the gnoll. You claw the gnoll.
The gnoll is heavily wounded.
The gnoll closely misses you.
You closely miss the gnoll. You tail-slap the gnoll.
The gnoll is severely wounded.
Your transformation is almost over.
The gnoll hits you with a +0 spear.
* * * LOW HITPOINT WARNING * * *
The gnoll closely misses you. The gnoll misses you.
You barely miss the gnoll. You headbutt the gnoll.
You kill the gnoll!
You have reached level 4!
You feel clever.
You hit the gnoll.
The gnoll is lightly wounded.
The gnoll hits you but does no damage.
You hit the gnoll. Your kick misses the gnoll. Your headbutt misses the gnoll.
Your tail-slap misses the gnoll.
The gnoll is heavily wounded.
Your horns disappear.
Your talons disappear.
The gnoll hits you with a +0 flail.
* * * LOW HITPOINT WARNING * * *
The gnoll hits you from afar with a +0 halberd!
* * * LOW HITPOINT WARNING * * *
The gnoll attacks as you move away! The gnoll barely misses you.
The gnoll attacks as you move away! The gnoll misses you.
The gnoll attacks as you move away! The gnoll barely misses you.
The gnoll attacks as you move away! The gnoll hits you with a +0 flail!
You die...

### ###
#.#########.########
#.g@................
#.#########.........
#.# #.######## #g# #.#
#.. ####.# #.# ..#.
#.##.# ######.# .....
#.##.# #......##......
#.##.####.####.........
#.)....................


You could see a gnoll.

Vanquished Creatures
  3 gnolls
  An adder (D:2)
  3 dart slugs
  A bat (D:2)
  2 endoplasms
  A giant cockroach (D:1)
  5 goblins
  6 hobgoblins (D:1)
  2 kobolds (D:1)
  A quokka (D:1)
  A frilled lizard (D:1)
  2 rats (D:1)
28 creatures vanquished.

Notes
Turn   | Place    | Note
-------+----------+-------------------------------------------
     0 | D:1      | koil the Draconian Transmuter began the quest for the Orb.
     0 | D:1      | Reached XP level 1. HP: 16/16 MP: 3/3
    76 | D:1      | Reached XP level 2. HP: 7/23 MP: 3/5
   339 | D:1      | Learned a level 2 spell: Wereblood
   564 | D:1      | Reached XP level 3. HP: 26/29 MP: 6/6
   819 | D:1      | Learned a level 3 spell: Spider Form
   913 | D:2      | Found a basalt altar of Yredelemnul.
  1004 | D:2      | Identified the +10 whip of Xeezuost {freeze, Dex+4}
  1045 | D:2      | Reached XP level 4. HP: 10/36 MP: 7/7
  1056 | D:2      | Slain by a gnoll

Illustrated notes

Levels and vault maps discovered:
D:1:      pf_arrival_petrified_forest, layout_loops_cross, st_stairs_2
D:2:      layout_basic, basic_altar

Skill      XL: |  1  2  3 |
---------------+----------+-----
Dodging        | 2 |  2.3
Fighting       | 2 |  2.1
Unarmed Combat | |  3.5
Spellcasting   | |  2.4
Transmutations | |  2.6

Action                   |  1- 3 |  4- 6 || total
-------------------------+-------+-------++-------
Melee: Unarmed           |    95 |     2 ||    97
       Tailslap          |    14 |       ||    14
       Kick              |    10 |       ||    10
       Headbutt          |     7 |       ||     7
 Cast: Beastly Appendage |     5 |       ||     5
 Stab: Sleeping          |     1 |       ||     1
Armor: Skin              |    25 |     1 ||    26
Dodge: Dodged            |    55 |     3 ||    58

Table legend: (Time is in decaauts)
 A = Elapsed time spent in this place.
 B = Non-inter-level travel time spent in this place.
 C = Inter-level travel time spent in this place.
 D = Time resting spent in this place.
 E = Time spent auto-exploring this place.
 F = Levels seen in this place.
 G = Mean time per level.
                   A        B        C        D        E       F      G
               +--------+--------+--------+--------+--------+-----+--------+
         Total |   1050 |   1046 |      4 |      0 |    825 |   2 |  525.0 |
       Dungeon |   1050 |   1046 |      4 |      0 |    825 |   2 |  525.0 |
               +--------+--------+--------+--------+--------+-----+--------+

Top non-repeatable levels by time:
     D:1: 819 daAuts
     D:2: 230 daAuts
